AoeStats
← GORGORY

Arena

507279747Analyzed
1v1 RM · 16d ago on Sep 17, 2026· 35m 25s· 2 players
Game mode
Random Map
Map size
Tiny (2 player)
Population
200
Speed
Normal
Resources
Standard
Victory
Conquest
Starting age
Dark Age
Ending age
Imperial Age
RankedLock teamsTeams togetherTeam positionsShared explorationLock speedFull tech treeHidden civsTurbo modeCheats
Victory
Defeat
🇦🇷 Ethiopians · Argentina
1032
+15
🇩🇪 Khmer · Germany
1006
-15
Veromos
11:12 Feudal Age
14:45 Castle Age
13:10 Double-Bit Axe
13:22 Horse Collar
14:36 Bloodlines
20:02 Husbandry
21:47 Wheelbarrow
24:08 Stone Mining
26:16 Bow Saw
27:59 Loom
31:34 Imperial Age
29:34 Scale Barding Armor
29:45 Light Cavalry
30:48 Chain Barding Armor
30:42 Forging
30:24 Fletching
31:05 Hand Cart
30:35 Town Watch
31:17 Ballistics
31:46 Heavy Plow
33:02 Crop Rotation
32:31 Hussar
GORGORY
5:28 Loom
9:06 Feudal Age
9:32 Double-Bit Axe
9:29 Horse Collar
13:56 Wheelbarrow
17:33 Castle Age
16:11 Stone Mining
16:30 Gold Mining
18:03 Scale Mail Armor
19:24 Fervor
21:52 Town Watch
26:18 Squires
27:09 Heavy Plow
28:25 Forging
29:41 Arson
30:13 Chain Mail Armor
30:30 Bow Saw
31:27 Ballistics
34:20 Hand Cart
35:22 Town Patrol
Connection lost

Rejoining the realm…

Still unreachable

The connection could not be restored.

Session expired

The server has moved on; the page needs a fresh start.